 Dungeon Crawl Stone Soup version 0.29-a0-100-g60f898f876 (webtiles) character file.

Game seed: 8857508674105592117

310 drugrobin the Poker (level 5, -8/41 HPs)
             Began as a Demigod Warper on Feb 15, 2022.
             Mangled by an ogre (26 damage)
             ... on level 3 of the Dungeon.
             The game lasted 00:10:10 (5417 turns).

drugrobin the Poker (Demigod Warper)                Turns: 5417, Time: 00:10:11

Health: -8/41      AC:  9    Str: 16    XL:     5   Next: 96%
Magic:  10/10      EV:  7    Int: 15    God:
Gold:   137        SH:  0    Dex: 13    Spells: 2/7 levels left

rFire   . . .      SeeInvis +   a - +0 trident
rCold   . . .      Faith    .   (no shield)
rNeg    . . .      Spirit   .   t - +0 chain mail
rPois   .          Reflect  .   (no helmet)
rElec   .          Harm     .   i - +0 cloak
rCorr   .          Rampage  .   (no gloves)
Will    +....                   (no boots)
Stlth   ..........              s - amulet of the acrobat
HPRegen 0.13/turn               h - ring of see invisible
MPRegen 0.12/turn               p - ring of willpower

@: no status effects
A: high MP 1, forlorn, divine attributes
a: no special abilities


You were on level 3 of the Dungeon.
You visited 1 branch of the dungeon, and saw 4 of its levels.

You collected 137 gold pieces.

Inventory:

Hand Weapons
 a - a +0 trident (weapon)
 b - a +0 hunting sling
 n - a +0 spear
 B - a +0 halberd
Missiles
 g - 260 stones (quivered)
 u - 22 sling bullets
Armour
 e - a +0 leather armour
 f - a +0 ring mail
 i - a +0 cloak (worn)
 k - the +2 pair of boots of Huitroem {*Corrode rElec rC+ Will+}
   (You found it on level 2 of the Dungeon)

   rC:        It protects you from cold.
   rElec:     It insulates you from electricity.
   *Corrode:  It may corrode you when you take damage.
   Will:      It increases your willpower.
 t - a +0 chain mail (worn)
Jewellery
 h - a ring of see invisible (left hand)
 p - a ring of willpower (right hand)
 s - an amulet of the acrobat (around neck)
Scrolls
 j - a scroll of amnesia {unknown}
 l - a scroll of summoning {unknown}
 m - 2 scrolls of vulnerability {unknown}
 r - a scroll of enchant armour {unknown}
 w - a scroll of teleportation
 y - a scroll of acquirement {unknown}
Potions
 o - a potion of attraction
 v - a potion of mutation
 z - a potion of resistance


   Skills:
 - Level 1.7 Fighting
 + Level 5.5 Polearms
 - Level 0.8 Throwing
 - Level 0.8 Armour
 - Level 1.7 Dodging
 - Level 1.7 Spellcasting
 + Level 3.6 Translocations


You had 2 spell levels left.
You knew the following spells:

 Your Spells              Type           Power      Damage    Failure   Level
a - Blink                 Tloc           24%        N/A       85%         2
b - Teleport Other        Tloc           12%        N/A       97%         3

Your spell library contained the following spells:

 Spells                   Type           Power      Damage    Failure   Level
 Gell's Gravitas          Tloc           12%        N/A       97%         3
 Lesser Beckoning         Tloc           12%        N/A       97%         3
 Manifold Assault         Tloc           12%        N/A       100%        5


Dungeon Overview and Level Annotations

Branches:
Dungeon (4/15)
 Temple: D:4-7

Shops:
D:2 [

Annotations:
D:4 Duvessa


Innate Abilities, Weirdness & Mutations

You have an increased reservoir of magic. (+10% MP)
You shall have no god before yourself.
Your divine heritage dramatically boosts your attributes as you level up.


Message History

You hear a shout!
The ogre hits you with a +0 giant club!
You climb upwards.
There is a stone staircase leading down here.
The ogre looks more healthy.
There is a stone staircase leading up here.
Throw: 3 boomerangs (disperse)
Press: ? - help, Shift-Dir - straight line, f - ogre
Aim: an ogre, wielding a +0 giant club (severely wounded, 72% to hit)
You throw a boomerang of dispersal.
The boomerang of dispersal barely misses the ogre.
The ogre completely misses you.
You drop a poisoned dart.
The ogre hits you with a +0 giant club.
Throw: 2 boomerangs (disperse)
Press: ? - help, Shift-Dir - straight line, f/p - ogre
Aim: an ogre, wielding a +0 giant club (severely wounded, 72% to hit)
You throw a boomerang of dispersal.
The boomerang of dispersal hits the ogre but does no damage.
The ogre is severely wounded.
The ogre barely misses you.
No item to drop.
Unknown command.
Unknown command.
Throw: boomerang (disperse)
Press: ? - help, Shift-Dir - straight line, f/p - ogre
Aim: an ogre, wielding a +0 giant club (severely wounded, 72% to hit)
You throw a boomerang of dispersal.
The boomerang of dispersal hits the ogre but does no damage.
The ogre is severely wounded.
The ogre barely misses you.
You barely miss the ogre.
The ogre is severely wounded.
The ogre barely misses you.
You puncture the ogre!
The ogre is almost dead.
You barely miss the ogre.
The ogre is almost dead.
The ogre hits you with a +0 giant club!!
Ouch! That really hurt!
You die...

#..... #.....
##'#.# #.#..
###########.###
#..............
#...........###
#####...........###
#.@O...............
#..................
#........<.........
#.....##########...
#.....# #...
#.....# #...
####### #... #...
#...


You could see an ogre.

Vanquished Creatures
  Dowan (D:4)
  A gnoll shaman (D:3)
  An iguana (D:4)
  2 orc wizards (D:2)
  6 adders
  3 gnolls (D:3)
  A worm (D:3)
  2 orcs
  6 ball pythons
  3 bats
  4 endoplasms
  3 giant cockroaches
  4 goblins
  6 hobgoblins
  4 jackals (D:3)
  7 quokkas
  5 frilled lizards
  5 kobolds
  8 rats
72 creatures vanquished.

Notes
Turn   | Place    | Note
-------+----------+-------------------------------------------
     0 | D:1      | drugrobin the Demigod Warper began the quest for the Orb.
     0 | D:1      | Reached XP level 1. HP: 17/17 MP: 5/5
   187 | D:1      | Reached skill level 2 in Polearms
   670 | D:1      | Reached XP level 2. HP: 24/24 MP: 7/7
  1099 | D:1      | Reached skill level 3 in Polearms
  1376 | D:2      | Reached XP level 3. HP: 27/29 MP: 8/8
  1407 | D:2      | Learned a level 2 spell: Blink
  1411 | D:2      | Learned a level 3 spell: Teleport Other
  2197 | D:2      | Reached skill level 4 in Polearms
  2393 | D:2      | Reached XP level 4. HP: 22/36 MP: 9/9
  2480 | D:2      | Identified the +2 pair of boots of Huitroem {*Corrode rElec
                  | rC+ Will+}
  2797 | D:2      | Found Eferuts's Antique Armour Emporium.
  4150 | D:3      | Reached skill level 5 in Polearms
  4150 | D:3      | Reached XP level 5. HP: 29/41 MP: 10/10
  5181 | D:4      | Noticed Duvessa
  5182 | D:4      | Noticed Dowan
  5200 | D:4      | Killed Dowan
  5383 | D:4      | Noticed an ogre
  5417 | D:3      | Mangled by an ogre

Illustrated notes

Levels and vault maps discovered:
D:1:      minmay_arrival_arboretum_small, layout_basic, patterned_corridor
D:2:      minmay_recursive_quarters, layout_loops_ring, basic_altar,
          serial_shops, shop
D:3:      layout_basic, mainiacjoe_overflow_catch_the_wave
D:4:      layout_cave_pools, chequers_serial_rivers_small_3, uniq_duvessa

Skill      XL: |  1  2  3  4  5 |
---------------+----------------+-----
Polearms       | 2 3 4 5 |  5.5
Translocations | 3 |  3.6
Fighting       | |  1.7
Throwing       | |  0.8
Armour         | |  0.8
Dodging        | |  1.7
Spellcasting   | |  1.7

Action                   |  1- 3 |  4- 6 || total
-------------------------+-------+-------++-------
Melee: Spear             |   148 |    27 ||   175
       Punch             |     2 |     2 ||     4
       Trident           |       |   107 ||   107
 Fire: Hunting sling     |     5 |    31 ||    36
Throw: Boomerang         |     2 |     3 ||     5
       Stone             |     3 |       ||     3
       Dart              |       |     8 ||     8
  Use: Potion            |       |     4 ||     4
       Scroll            |       |     4 ||     4
Armor: Ring mail         |    41 |     8 ||    49
       Leather armour    |     1 |       ||     1
       Chain mail        |       |    64 ||    64
Dodge: Dodged            |    65 |    57 ||   122

Table legend: (Time is in decaauts)
 A = Elapsed time spent in this place.
 B = Non-inter-level travel time spent in this place.
 C = Inter-level travel time spent in this place.
 D = Time resting spent in this place.
 E = Time spent auto-exploring this place.
 F = Levels seen in this place.
 G = Mean time per level.
                   A        B        C        D        E       F      G
               +--------+--------+--------+--------+--------+-----+--------+
         Total |   5419 |   5219 |    200 |   1328 |   2884 |   4 | 1354.8 |
       Dungeon |   5419 |   5219 |    200 |   1328 |   2884 |   4 | 1354.8 |
               +--------+--------+--------+--------+--------+-----+--------+

Top non-repeatable levels by time:
     D:2: 1859 daAuts
     D:3: 1577 daAuts
     D:1: 1536 daAuts
     D:4: 445 daAuts
